 Dungeon Crawl Stone Soup version 0.31.0-32-g396128a36d (webtiles) character file.

Game seed: 14453709553524123723

21 ChrisAssaf the Grave Robber (level 2, -1/18 (20) HPs)
             Began as a Human Necromancer on Mar 23, 2024.
             Succumbed to a kobold's poison
             ... on level 1 of the Dungeon.
             The game lasted 00:02:43 (871 turns).

ChrisAssaf the Grave Robber (Human Necromancer)      Turns: 871, Time: 00:02:44

HP:   -1/18 (20)    AC:  2    Str:  8    XL:     2   Next: 83%
MP:   3/5           EV: 12    Int: 15    God:
Gold: 40            SH:  0    Dex: 13    Spells: 3/5 levels left

rFire   . . .        (no weapon)
rCold   . . .        (no shield)
rNeg    . . .        a - +0 robe
rPois   .            (no helmet)
rElec   .            (no cloak)
rCorr   .            (no gloves)
SInv    .            (no boots)
Will    +....        (no amulet)
Stlth   ++           (no ring)
HPRegen 0.23/turn    (no ring)
MPRegen 0.09/turn

%: no passive effects
@: lethally poisoned (-1 -> -13), enlightened, flying, hasted, heavily drained,
very quick
A: explore regen
a: no special abilities


You were on level 1 of the Dungeon.
You visited 1 branch of the dungeon, and saw 1 of its levels.

You collected 40 gold pieces.

Inventory:

Armour
 a - a +0 robe (worn)


   Skills:
 * Level 0.3 Fighting
 * Level 0.7 Armour
 * Level 2.0 Dodging
 * Level 2.1 Stealth
 * Level 2.3 Spellcasting
 * Level 4.2 Necromancy


You had 3 spell levels left.
You knew the following spells:

 Your Spells              Type           Power      Damage    Failure   Level
a - Necrotise             Necr           56%        1d6       3%          1
b - Kiss of Death         Conj/Necr      32%        2d7       9%          1

Your spell library contained the following spells:

 Spells                   Type           Power      Damage    Failure   Level
 Vampiric Draining        Necr           14%        2d7       11%         3
 Confusing Touch          Hex            1%         N/A       54%         3
 Animate Dead             Necr           14%        N/A       36%         4
 Dispel Undead            Necr           14%        3d10      36%         4
 Curse of Agony           Necr           14%        N/A       71%         5


Dungeon Overview and Level Annotations

Branches:
Dungeon (1/15)

Altars:


Innate Abilities, Weirdness & Mutations

You regain HP and MP as you explore.


Message History

The gnoll barely resists.
The gnoll closely misses you.
Unknown command.
Aiming: Necrotise (safe; 3% risk of failure)
Press: ? - help, Q - select action, (/) - cycle Shift-Dir - straight line, f/p - gnoll
Aim: a gnoll, wielding a +0 whip (heavily wounded, chance to affect: 78%)
The gnoll writhes in agony.
The gnoll barely misses you.
Unknown command.
Magic courses through your body. The gnoll hits you with a +0 whip.
Aiming: Necrotise (safe; 3% risk of failure)
Press: ? - help, Q - select action, (/) - cycle Shift-Dir - straight line, f/p - gnoll
Aim: a gnoll, wielding a +0 whip (severely wounded, chance to affect: 78%)
The gnoll writhes in agony.
The gnoll misses you.
Unknown command.
Aiming: Necrotise (safe; 3% risk of failure)
Press: ? - help, Q - select action, (/) - cycle Shift-Dir - straight line, f/p - gnoll
Aim: a gnoll, wielding a +0 whip (almost dead, chance to affect: 78%)
The gnoll barely resists.
The kobold hits you with a +3 dagger of venom.
The gnoll hits you but does no damage.
Aiming: Necrotise (safe; 3% risk of failure)
Press: ? - help, Q - select action, (/) - cycle Shift-Dir - straight line, f/p - gnoll
Aim: a gnoll, wielding a +0 whip (almost dead, chance to affect: 78%)
The gnoll writhes in agony.
The kobold hits you with a +3 dagger of venom.
You are poisoned.
The gnoll misses you.
It was a potion of haste.
You feel yourself speed up.
You feel sick. The kobold closely misses you. The gnoll closely misses you.
You feel sick.
It was a potion of enlightenment.
You feel very buoyant.
You fly up into the air.
You feel sick. The kobold attacks as it pursues you!
The kobold hits you with a +3 dagger of venom.
* * * LOW HITPOINT WARNING * * *
You are more poisoned.
You die...

....................#......
#...................#......
........####........#......
........####........#######
>............######.#
#..................####
.#......####.#..........
........####.#...........#
#####.#gK.@..............#
#.#..##.##...........#
#.#[.##.##...........# #
#..##.##...........#
#####.##...........##
...............#.
................#
....###..######## ##...##


You could see a gnoll and a kobold.

Vanquished Creatures
  2 bats (D:1)
  2 endoplasms (D:1)
  A giant cockroach (D:1)
  4 goblins (D:1)
  A hobgoblin (D:1)
  3 quokkas (D:1)
  A frilled lizard (D:1)
  2 kobolds (D:1)
  2 rats (D:1)
18 creatures vanquished.

Notes
Turn   | Place    | Note
-------+----------+-------------------------------------------
     0 | D:1      | ChrisAssaf the Human Necromancer began the quest for the
                  | Orb.
     0 | D:1      | Reached XP level 1. HP: 13/13 MP: 3/3
   252 | D:1      | Reached XP level 2. HP: 19/19 MP: 3/5
   457 | D:1      | Learned a level 1 spell: Kiss of Death
   871 | D:1      | Succumbed to a kobold's poison

Illustrated notes

Levels and vault maps discovered:
D:1:      reono_arrival_mine, layout_basic, grunt_decor_one_mirror,
          minmay_misc_feat_ornament, minmay_stone_trees_medium,
          roderic_serpentine_path, minmay_hexomino_f4

Action                     || total
---------------------------++-------
   Cast: Necrotise         ||    38
         Kiss of Death     ||     1
    Use: Scroll            ||     4
         Potion            ||     3
 Armour: Robe              ||     8
  Dodge: Dodged            ||    16
